| TOP OF THE 1ST |
|
Cedar Rapids Kernels batting - Pitching for Charleston RiverDogs : LHP Jessie Neal
|
|
Pitching: LHP Jessie Neal
|
|
|
Batting: RHB Nick Phipps
|
0-0: Called Strike 0-1: Swinging Strike 0-2: Ball 1-2: Foul Ball, location: 2F 1-2: Ball 2-2: Foul Ball, location: 2F 2-2: Ball 3-2: Strikes out looking
|
|
Batting: RHB Tim Carter
|
0-0: Foul Ball, location: 2F 0-1: Ball 1-1: Ball 2-1: Swinging Strike 2-2: Strikes out swinging
|
|
Batting: RHB Jose Almonte
|
0-0: Ball 1-0: SINGLE (Line Drive, 89S, EV 108.1 MPH)
|
|
Batting: LHB Tomas Espino
|
0-0: Ball 1-0: Foul Ball, location: 2F 1-1: Foul Ball, location: 2F 1-2: Strikes out looking
|
| Top of the 1st over - 0 runs, 1 hit, 0 errors, 1 left on base; Cedar Rapids 0 - Charleston 0 |
| BOTTOM OF THE 1ST |
|
Charleston RiverDogs batting - Pitching for Cedar Rapids Kernels : RHP Ruben Calderon
|
|
Pitching: RHP Ruben Calderon
|
|
|
Batting: LHB Ernesto Abreu
|
0-0: Ball 1-0: Called Strike 1-1: SINGLE (Groundball, 25, EV 66.9 MPH) (infield hit)
|
|
Batting: LHB Joe Vida
|
0-0: Foul Ball, location: 2F 0-1: Ball 1-1: Called Strike 1-2: Ball 2-2: Fielders Choice at 2nd, 6-4 (Groundball, 6, EV 88.1 MPH)
|
|
Batting: LHB Marc Durgin
|
0-0: Foul Ball, location: 2F 0-1: Ball 1-1: Swinging Strike 1-2: Foul Ball, location: 2F 1-2: SINGLE (Groundball, 5S, EV 64.4 MPH) (infield hit) Joe Vida to second
|
|
Batting: RHB Iften Olujimi
|
0-0: Ball 1-0: Ball 2-0: Called Strike 2-1: Fielders Choice at 2nd, 6-4 (Groundball, 6, EV 86.2 MPH) Joe Vida to third
|
|
Batting: RHB Mike Zern
|
0-0: Ball Passed Ball! Joe Vida scores Iften Olujimi to second 1-0: Called Strike 1-1: Ball 2-1: Ball 3-1: Base on Balls
|
|
Batting: RHB Jeff McClellan
|
0-0: Ball 1-0: Ball 2-0: Ball 3-0: Called Strike 3-1: Fielders Choice at 2nd, U4 (Groundball, 4M, EV 88.8 MPH)
|
| Bottom of the 1st over - 1 run, 2 hits, 0 errors, 2 left on base; Cedar Rapids 0 - Charleston 1 |
| TOP OF THE 2ND |
|
Cedar Rapids Kernels batting - Pitching for Charleston RiverDogs : LHP Jessie Neal
|
|
Batting: RHB Ruben Serrata
|
0-0: Called Strike 0-1: Ball 1-1: Foul Ball, location: 2F 1-2: Foul Ball, location: 2F 1-2: Ball 2-2: Ball 3-2: Ground out 5-3 (Groundball, 56S, EV 88.8 MPH)
|
|
Batting: RHB Mike Buchanan
|
0-0: Fly out, F9 (Line Drive, 89M, EV 95.6 MPH)
|
|
Batting: RHB Jose Gracia
|
0-0: Ball 1-0: Called Strike 1-1: Fly out, F8 (Flyball, 8RD, EV 107.5 MPH)
|
| Top of the 2nd over - 0 runs, 0 hits, 0 errors, 0 left on base; Cedar Rapids 0 - Charleston 1 |
| BOTTOM OF THE 2ND |
|
Charleston RiverDogs batting - Pitching for Cedar Rapids Kernels : RHP Ruben Calderon
|
|
Batting: RHB Michael Patterson
|
0-0: Ball 1-0: Called Strike 1-1: Foul Ball, location: 2F 1-2: Ball 2-2: Strikes out swinging
|
|
Batting: RHB Matt Alderson
|
0-0: Ball 1-0: Called Strike 1-1: Ball 2-1: Fly out, F9 (Line Drive, 9, EV 93.1 MPH)
|
|
Batting: RHB Louwe Starmans
|
0-0: SINGLE (Line Drive, 9LS, EV 97.5 MPH)
|
|
Batting: LHB Ernesto Abreu
|
0-0: Ball 1-0: Called Strike 1-1: Swinging Strike 1-2: Fielders Choice at 2nd, 6-4 (Groundball, 6, EV 85.0 MPH)
|
| Bottom of the 2nd over - 0 runs, 1 hit, 0 errors, 1 left on base; Cedar Rapids 0 - Charleston 1 |
| TOP OF THE 3RD |
|
Cedar Rapids Kernels batting - Pitching for Charleston RiverDogs : LHP Jessie Neal
|
|
Batting: RHB Jeremy Witt
|
0-0: Ball 1-0: Foul Ball, location: 2F 1-1: Ball 2-1: Ball 3-1: Foul Ball, location: 2F 3-2: Base on Balls
|
|
Batting: SHB Chris Hull
|
0-0: Called Strike 0-1: Called Strike 0-2: Strikes out swinging
|
|
Batting: RHB Nick Phipps
|
0-0: Swinging Strike 0-1: Ball 1-1: Ball 2-1: Swinging Strike 2-2: Strikes out swinging
|
|
Batting: RHB Tim Carter
|
0-0: Called Strike 0-1: Called Strike 0-2: SINGLE (Flyball, 8RS, EV 91.9 MPH) Jeremy Witt to second
|
|
Batting: RHB Jose Almonte
|
0-0: Ball 1-0: Fielders Choice at 2nd, 4-6 (Groundball, 4MD, EV 82.5 MPH)
|
| Top of the 3rd over - 0 runs, 1 hit, 0 errors, 2 left on base; Cedar Rapids 0 - Charleston 1 |
| BOTTOM OF THE 3RD |
|
Charleston RiverDogs batting - Pitching for Cedar Rapids Kernels : RHP Ruben Calderon
|
|
Batting: LHB Joe Vida
|
0-0: Ball 1-0: Ball 2-0: Called Strike 2-1: Called Strike 2-2: Foul Ball, location: 2F 2-2: Ball 3-2: Base on Balls
|
|
Batting: LHB Marc Durgin
|
0-0: Ball 1-0: Called Strike 1-1: Ball 2-1: Foul Ball, location: 2F 2-2: Strikes out swinging
|
|
Batting: RHB Iften Olujimi
|
0-0: Ball 1-0: Grounds into double play, 4-6-3 (Groundball, 4, EV 101.9 MPH)
|
| Bottom of the 3rd over - 0 runs, 0 hits, 0 errors, 0 left on base; Cedar Rapids 0 - Charleston 1 |
| TOP OF THE 4TH |
|
Cedar Rapids Kernels batting - Pitching for Charleston RiverDogs : LHP Jessie Neal
|
|
Batting: LHB Tomas Espino
|
0-0: Foul Ball, location: 2F 0-1: Foul Ball, location: 2F 0-2: Foul Ball, location: 2F 0-2: Ball 1-2: Foul Ball, location: 2F 1-2: Fly out, F9 (Flyball, 89S, EV 92.5 MPH)
|
|
Pitching: RHP Michel van Kampen
|
|
|
Batting: RHB Ruben Serrata
|
0-0: Swinging Strike 0-1: Called Strike 0-2: Ball 1-2: Strikes out swinging
|
|
Batting: RHB Mike Buchanan
|
0-0: Swinging Strike 0-1: Ball 1-1: SINGLE (Line Drive, 7S, EV 90.0 MPH)
|
|
Batting: RHB Jose Gracia
|
0-0: Ball 1-0: Fielders Choice at 2nd, 6-4 (Groundball, 56, EV 87.5 MPH)
|
| Top of the 4th over - 0 runs, 1 hit, 0 errors, 1 left on base; Cedar Rapids 0 - Charleston 1 |
| BOTTOM OF THE 4TH |
|
Charleston RiverDogs batting - Pitching for Cedar Rapids Kernels : RHP Ruben Calderon
|
|
Batting: RHB Mike Zern
|
0-0: Ball 1-0: Swinging Strike 1-1: Ball 2-1: Foul Ball, location: 2F 2-2: Ground out 6-3 (Groundball, 6D, EV 97.5 MPH)
|
|
Batting: RHB Jeff McClellan
|
0-0: Ball 1-0: Ground out 5-3 (Groundball, 5, EV 86.9 MPH)
|
|
Batting: RHB Michael Patterson
|
0-0: Called Strike 0-1: Foul Ball, location: 2F 0-2: Foul Ball, location: 2F 0-2: Ground out 5-3 (Groundball, 56, EV 83.1 MPH)
|
| Bottom of the 4th over - 0 runs, 0 hits, 0 errors, 0 left on base; Cedar Rapids 0 - Charleston 1 |
| TOP OF THE 5TH |
|
Cedar Rapids Kernels batting - Pitching for Charleston RiverDogs : RHP Michel van Kampen
|
|
Batting: RHB Jeremy Witt
|
0-0: Reached on error, E5 (Groundball, 5L, EV 98.8 MPH)
|
|
Batting: SHB Chris Hull
|
0-0: Ball 1-0: Ball 2-0: Ball 3-0: Called Strike 3-1: Base on Balls
|
|
Batting: RHB Nick Phipps
|
0-0: Fly out, F9 (Flyball, 89M, EV 90.6 MPH)
|
|
Batting: RHB Tim Carter
|
0-0: SINGLE (Flyball, 56D, EV 89.4 MPH) Jeremy Witt to third Chris Hull to second
|
|
Batting: RHB Jose Almonte
|
0-0: Ball 1-0: Ball 2-0: Called Strike 2-1: Ball 3-1: Foul Ball, location: 2F 3-2: Fly out, F7 (Flyball, 78M, EV 86.2 MPH)
|
|
Batting: LHB Tomas Espino
|
0-0: Foul Ball, location: 2F 0-1: Foul Ball, location: 2F 0-2: Ball 1-2: Ball 2-2: Foul Ball, location: 2F 2-2: Ball 3-2: Fly out, F8 (Flyball, 8LD, EV 106.2 MPH)
|
| Top of the 5th over - 0 runs, 1 hit, 1 error, 3 left on base; Cedar Rapids 0 - Charleston 1 |
| BOTTOM OF THE 5TH |
|
Charleston RiverDogs batting - Pitching for Cedar Rapids Kernels : RHP Ruben Calderon
|
|
Batting: RHB Matt Alderson
|
0-0: Foul Ball, location: 2F 0-1: Ball 1-1: Ball 2-1: Swinging Strike 2-2: Strikes out swinging
|
|
Batting: RHB Louwe Starmans
|
0-0: Called Strike 0-1: Called Strike 0-2: SINGLE (Line Drive, 8LS, EV 105.0 MPH)
|
|
Batting: LHB Ernesto Abreu
|
0-0: Called Strike 0-1: SINGLE (Groundball, 4MD, EV 99.4 MPH) Louwe Starmans to second
|
|
Batting: LHB Joe Vida
|
0-0: Foul Ball, location: 2F 0-1: Called Strike 0-2: Foul Ball, location: 2F 0-2: Ball 1-2: Ball 2-2: Grounds into double play, 6-4-3 (Groundball, 56, EV 93.1 MPH)
|
| Bottom of the 5th over - 0 runs, 2 hits, 0 errors, 1 left on base; Cedar Rapids 0 - Charleston 1 |
| TOP OF THE 6TH |
|
Cedar Rapids Kernels batting - Pitching for Charleston RiverDogs : RHP Michel van Kampen
|
|
Batting: RHB Ruben Serrata
|
0-0: Called Strike 0-1: Foul Ball, location: 2F 0-2: Ball 1-2: Foul Ball, location: 2F 1-2: Fly out, F4 (Flyball, 34D, EV 83.1 MPH)
|
|
Batting: RHB Mike Buchanan
|
0-0: Ball 1-0: Swinging Strike 1-1: Foul Ball, location: 2F 1-2: Hit by Pitch
|
|
Batting: RHB Jose Gracia
|
0-0: Swinging Strike 0-1: Ball 1-1: SINGLE (Flyball, 89M, EV 87.5 MPH) Mike Buchanan to second Runner from 2nd tries for 3rd, SAFE, throw by RF made to third Jose Gracia to second
|
|
Pitching: RHP Greg Ritchie
|
|
|
Batting: RHB Jeremy Witt
|
0-0: Fly out, F8 (Flyball, 8LM, EV 86.2 MPH)
|
|
Batting: SHB Chris Hull
|
0-0: Ball 1-0: SINGLE (Flyball, 89S, EV 87.5 MPH) Mike Buchanan scores Jose Gracia to third Runner from 3rd tries for Home, SAFE, throw by RF to home
|
|
Batting: RHB Nick Phipps
|
0-0: Ball 1-0: Called Strike 1-1: Foul Ball, location: 2F 1-2: Ball 2-2: Strikes out swinging
|
| Top of the 6th over - 2 runs, 2 hits, 0 errors, 1 left on base; Cedar Rapids 2 - Charleston 1 |
| BOTTOM OF THE 6TH |
|
Charleston RiverDogs batting - Pitching for Cedar Rapids Kernels : RHP Ruben Calderon
|
|
Batting: LHB Marc Durgin
|
0-0: Ball 1-0: Ball 2-0: Ball 3-0: Called Strike 3-1: Swinging Strike 3-2: Foul Ball, location: 2F 3-2: Foul Ball, location: 2F 3-2: Base on Balls
|
|
Pitching: RHP Pat Adams
|
|
|
Batting: RHB Iften Olujimi
|
0-0: Ball Marc Durgin steals 2nd base 1-0: Called Strike 1-1: Ball 2-1: Ball 3-1: Base on Balls
|
|
Batting: RHB Mike Zern
|
0-0: Called Strike 0-1: Foul Ball, location: 2F 0-2: Grounds into double play, 4-6-3 (Groundball, 4, EV 85.6 MPH) Marc Durgin to third
|
|
Batting: RHB Jeff McClellan
|
0-0: Ball 1-0: Foul Ball, location: 2F 1-1: Ball 2-1: Ground out 5-3 (Groundball, 56S, EV 84.4 MPH)
|
| Bottom of the 6th over - 0 runs, 0 hits, 0 errors, 1 left on base; Cedar Rapids 2 - Charleston 1 |
| TOP OF THE 7TH |
|
Cedar Rapids Kernels batting - Pitching for Charleston RiverDogs : RHP Greg Ritchie
|
|
Batting: RHB Tim Carter
|
0-0: Ball 1-0: Fly out, F7 (Flyball, 78S, EV 90.0 MPH)
|
|
Batting: RHB Jose Almonte
|
0-0: Foul Ball, location: 2F 0-1: Ball 1-1: Foul Ball, location: 2F 1-2: Ball 2-2: Foul Ball, location: 2F 2-2: Ground out 6-3 (Groundball, 6, EV 86.2 MPH)
|
|
Batting: LHB Tomas Espino
|
0-0: DOUBLE (Flyball, 8RXD, EV 95.6 MPH)
|
|
Batting: RHB Ruben Serrata
|
0-0: Called Strike 0-1: Ball 1-1: Ball 2-1: Ball 3-1: Called Strike 3-2: Fly out, F8 (Flyball, 78M, EV 93.1 MPH)
|
| Top of the 7th over - 0 runs, 1 hit, 0 errors, 1 left on base; Cedar Rapids 2 - Charleston 1 |
| BOTTOM OF THE 7TH |
|
Charleston RiverDogs batting - Pitching for Cedar Rapids Kernels : RHP Pat Adams
|
|
Batting: RHB Michael Patterson
|
0-0: Called Strike 0-1: Ball 1-1: Called Strike 1-2: Foul Ball, location: 2F 1-2: Foul Ball, location: 2F 1-2: Ball 2-2: Foul Ball, location: 2F 2-2: Ball 3-2: Foul Ball, location: 2F 3-2: Ground out 6-3 (Groundball, 56D, EV 85.0 MPH)
|
|
Batting: RHB Matt Alderson
|
0-0: Ball 1-0: Ground out 6-3 (Groundball, 6, EV 93.1 MPH)
|
|
Pinch Hitting: SHB Tadaaki Kondo
|
0-0: Ball 1-0: Ball 2-0: Foul Ball, location: 2F 2-1: Fly out, F8 (Flyball, 8LM, EV 88.1 MPH)
|
| Bottom of the 7th over - 0 runs, 0 hits, 0 errors, 0 left on base; Cedar Rapids 2 - Charleston 1 |
| TOP OF THE 8TH |
|
Cedar Rapids Kernels batting - Pitching for Charleston RiverDogs : RHP Greg Ritchie
|
|
Pitching: RHP Khayyat bin Faruq
|
|
|
Now at 3B: Tadaaki Kondo
|
|
|
Batting: RHB Mike Buchanan
|
0-0: Ball 1-0: Ground out 6-3 (Groundball, 6, EV 86.9 MPH)
|
|
Batting: RHB Jose Gracia
|
0-0: Ball 1-0: Ball 2-0: SINGLE (Flyball, 89S, EV 89.4 MPH)
|
|
Batting: RHB Jeremy Witt
|
0-0: Ball 1-0: Ball 2-0: Grounds into double play, 4-6-3 (Groundball, 34D, EV 86.2 MPH)
|
| Top of the 8th over - 0 runs, 1 hit, 0 errors, 0 left on base; Cedar Rapids 2 - Charleston 1 |
| BOTTOM OF THE 8TH |
|
Charleston RiverDogs batting - Pitching for Cedar Rapids Kernels : RHP Pat Adams
|
|
Pitching: RHP Andy Symons
|
|
|
Batting: LHB Ernesto Abreu
|
0-0: Ball 1-0: Ball 2-0: Ball 3-0: Called Strike 3-1: Foul Ball, location: 2F 3-2: Base on Balls
|
|
Batting: LHB Joe Vida
|
0-0: Ball 1-0: Fly out, F9 (Flyball, 89S, EV 78.1 MPH)
|
|
Batting: LHB Marc Durgin
|
0-0: Swinging Strike 0-1: Foul Ball, location: 2F 0-2: Ball 1-2: SINGLE (Line Drive, 89M, EV 99.4 MPH) Ernesto Abreu to second Runner from 2nd tries for 3rd, SAFE, throw by RF made to third
|
|
Pinch Hitting: LHB Jeremiah Walker
|
0-0: Called Strike 0-1: Ball 1-1: Called Strike 1-2: Foul Ball, location: 2F 1-2: Ball 2-2: Fly out, F8 (Flyball, 89M, EV 93.8 MPH)
|
|
Batting: RHB Mike Zern
|
0-0: Swinging Strike 0-1: Ball 1-1: Foul Ball, location: 2F 1-2: Ball 2-2: Strikes out looking
|
| Bottom of the 8th over - 0 runs, 1 hit, 0 errors, 2 left on base; Cedar Rapids 2 - Charleston 1 |
| TOP OF THE 9TH |
|
Cedar Rapids Kernels batting - Pitching for Charleston RiverDogs : RHP Khayyat bin Faruq
|
|
Now at 1B: Jeremiah Walker
|
|
|
Batting: SHB Chris Hull
|
0-0: Foul Ball, location: 2F 0-1: Called Strike 0-2: Ball 1-2: Strikes out swinging, 2-3 out at first.
|
|
Batting: RHB Nick Phipps
|
0-0: Foul Ball, location: 2F 0-1: Ball 1-1: Hit by Pitch
|
|
Batting: RHB Tim Carter
|
0-0: Ball 1-0: Called Strike Nick Phipps steals 2nd base 1-1: Called Strike 1-2: Ball 2-2: Ball 3-2: Foul Ball, location: 2F 3-2: Strikes out swinging
|
|
Batting: RHB Jose Almonte
|
0-0: Called Strike 0-1: Ball 1-1: Ball 2-1: DOUBLE (Line Drive, 3D, EV 101.2 MPH) Nick Phipps scores
|
|
Pitching: LHP Ferrie Werkhoven
|
|
|
Pinch Runner at 2nd Kevin Harris:
|
|
|
Batting: LHB Tomas Espino
|
0-0: Ball 1-0: Ball 2-0: Ball 3-0: Foul Ball, location: 2F 3-1: SINGLE (Line Drive, 9LS, EV 98.1 MPH) Kevin Harris to third
|
|
Pitching: LHP Cory Musial
|
|
|
Batting: RHB Ruben Serrata
|
0-0: Fly out, F9 (Flyball, 89M, EV 95.6 MPH)
|
| Top of the 9th over - 1 run, 2 hits, 0 errors, 2 left on base; Cedar Rapids 3 - Charleston 1 |
| BOTTOM OF THE 9TH |
|
Charleston RiverDogs batting - Pitching for Cedar Rapids Kernels : RHP Andy Symons
|
|
Pitching: RHP Steven Legge
|
|
|
Now in LF: Steve Terrell
|
|
|
Batting: RHB Jeff McClellan
|
0-0: Called Strike 0-1: Hit by Pitch
|
|
Pinch Hitting: LHB Andrew Davis
|
0-0: Called Strike 0-1: Fielders Choice at 2nd, 1-4 (Groundball, 15, EV 63.1 MPH)
|
|
Pinch Hitting: RHB Francisco Vargas
|
0-0: SINGLE (Groundball, 34S, EV 83.8 MPH) (infield hit) Andrew Davis to second
|
|
Pinch Runner at 2nd John Sprenkel:
|
|
|
Batting: SHB Tadaaki Kondo
|
0-0: Grounds into double play, U6-3 (Groundball, P, EV 88.8 MPH)
|
| Bottom of the 9th over - 0 runs, 1 hit, 0 errors, 1 left on base; Cedar Rapids 3 - Charleston 1 |
|